 Dungeon Crawl Stone Soup version 0.29-a0-284-gf9362112df (webtiles) character file.

Game seed: 7003679147674151486

53 spaghetti the Grave Robber (level 3, 0/24 HPs)
             Began as a Demonspawn Necromancer on Mar 20, 2022.
             Was a Follower of Qazlal.
             Slain by Jessica
             ... wielding a +0 dagger
              (2 damage)
             ... on level 2 of the Dungeon.
             The game lasted 00:02:22 (1390 turns).

spaghetti the Grave Robber (Demonspawn Necromancer) Turns: 1390, Time: 00:02:22

Health: 0/24       AC:  2    Str:  9 (10) XL:     3   Next: 64%
Magic:  0/6        EV: 12    Int: 14 (16) God:    Qazlal [*.....]
Gold:   64         SH:  1    Dex: 12 (13) Spells: 5/6 levels left

rFire   . . .      SeeInvis .   h - +0 war axe {axe}
rCold   . . .      Faith    .   (no shield)
rNeg    . . .      Spirit   +   a - +0 robe
rPois   .          Reflect  .   (no helmet)
rElec   .          Harm     .   (no cloak)
rCorr   .          Rampage  .   (no gloves)
Will    .....                   (no boots)
Stlth   ++........              f - amulet of guardian spirit
HPRegen 0.08/turn               (no ring)
MPRegen 0.10/turn               (no ring)

@: attractive
A: powered by pain 1
a: Renounce Religion


You were on level 2 of the Dungeon.
You worshipped Qazlal.
Qazlal was aware of your devotion.
You visited 1 branch of the dungeon, and saw 2 of its levels.

You collected 64 gold pieces.


Innate Abilities, Weirdness & Mutations

You sometimes gain a little power by taking damage.


   Skills:
 + Level 2.0 Axes
 - Level 1.7 Dodging
 - Level 1.7 Stealth
 - Level 2.0 Spellcasting
 - Level 5.2 Necromancy


You had 5 spell levels left.
You knew the following spells:

 Your Spells              Type           Power      Damage    Failure   Level
a - Pain                  Necr           60%        1d7       2%          1

Your spell library contained the following spells:

 Spells                   Type           Power      Damage    Failure   Level
 Animate Skeleton         Necr           30%        N/A       2%          1
 Vampiric Draining        Necr           15%        2d7       9%          3
 Animate Dead             Necr           7%         N/A       28%         4
 Gell's Gravitas          Tloc           1%         N/A       56%         3
 Lesser Beckoning         Tloc           1%         N/A       56%         3
 Teleport Other           Tloc           1%         N/A       56%         3
 Agony                    Necr           15%        N/A       61%         5

Inventory:

Hand Weapons
 c - a +0 hand axe {axe}
   (You found it on level 1 of the Dungeon)
 d - a +0 dagger {short}
   (You took it off a goblin on level 1 of the Dungeon)
 h - a +0 war axe (weapon) {axe}
   (You found it on level 1 of the Dungeon)
Missiles
 i - 12 poisoned darts {throwing}
Armour
 a - a +0 robe (worn)
Jewellery
 f - an amulet of guardian spirit (around neck)
   (You found it on level 1 of the Dungeon)
Scrolls
 k - a scroll of vulnerability {!r!r}
Potions
 b - a potion of magic

Dungeon Overview and Level Annotations

Branches:
Dungeon (2/15)

Altars:
Qazlal

Annotations:
D:2 Jessica

### ..# #. .# ... #. .#
#.# #.#.## #.# ##. ....
#.# #.. ...# #.# #.#
#..#####. #โ€ ###.#
#........ #.....# #@.#
#.####.###.# #@.######
...โ€
...###.#####........
#.....<รท.....)...#.#####
#####...#######ยง.#.#
#.#.# #...#. ...#...
#..#.## #.#####.# #..###
#. .# #..#


You could see Jessica.


Message History

You take 1 damage, and now have 19/24 hp.
You barely miss the adder. You punch the adder. The adder bites you.
You are poisoned.
The adder poisons you! The adder bites you. ๐Ÿ˜ฎ HP[-2] MP[-1]
You take 2 damage, and now have 17/24 hp.
You lost 1 mp, and now have 5/6 mp.
You completely miss the adder.
You feel sick. The adder bites you but does no damage. The adder bites you.
* * * LOW HITPOINT WARNING * * *
๐Ÿ˜จ HP[-5]
You take 5 damage, and now have 12/24 hp.
MASSIVE DAMAGE!! (PAUSE)
You completely miss the adder.
You feel sick. The adder barely misses you. The adder closely misses you.
You slash the adder!
You feel sick.
You are no longer poisoned.
The adder bites you.
* * * LOW HITPOINT WARNING * * *
The adder bites you but does no damage. ๐Ÿ˜จ HP[-2]
You take 2 damage, and now have 10/24 hp.
You barely miss the adder. The adder closely misses you.
You slash the adder!
You kill the adder!
Qazlal accepts your kill.
Your Axes skill increases to level 2!
You start resting. ๐Ÿ˜จ MP[+1]
Your mp is fully restored (6).
You start resting.
A goblin comes into view.
It is wielding a +0 dagger. ๐Ÿ˜• HP[+11]
You regained 11 hp, and now have 21/24 hp.
You see here a quokka corpse.
You hit the goblin.
You kill the goblin!
Qazlal accepts your kill.
You now have 64 gold pieces (gained 6).
You see here a +0 dagger {short}. ๐Ÿ˜• HP[+1] Jessica the Apprentice Sorceress comes into view.
She is wielding a +0 dagger. ๐Ÿ˜Ž HP[+2]
Your hp is fully restored (24).
Jessica points at you and mumbles some strange words.
Pain shoots through your body!
You focus on the pain.
You feel your power returning. ๐Ÿ˜ฎ HP[-10]
You take 10 damage, and now have 14/24 hp.
MASSIVE DAMAGE!! (PAUSE) It was a potion of attraction.
You feel attractive to monsters. Jessica is attracted toward you.
It was a potion of degeneration.
There was something very wrong with that liquid.
You feel weakened.
You feel dopey.
You feel clumsy.
Jessica gestures wildly while chanting.
Jessica blinks!
Jessica is attracted toward you.
Jessica points at you and mumbles some strange words.
You barely resist. You hit Jessica. Jessica hits you with a +0 dagger.
Jessica closely misses you. ๐Ÿ˜ฎ HP[-1]
You take 1 damage, and now have 13/24 hp.
You barely miss Jessica.
Jessica mumbles some strange words.
Jessica blinks!
Jessica is attracted toward you.
You closely miss Jessica. Jessica hits you with a +0 dagger.
* * * LOW HITPOINT WARNING * * *
Jessica hits you with a +0 dagger.
* * * LOW HITPOINT WARNING * * *
๐Ÿ˜จ HP[-4] MP[-3]
You take 4 damage, and now have 9/24 hp.
You lost 3 mp, and now have 3/6 mp.
Unknown command.
You closely miss Jessica. Jessica misses you.
You hit Jessica.
Jessica hits you with a +0 dagger. ๐Ÿ˜จ HP[+1] MP[-1]
You lost 1 mp, and now have 2/6 mp.
You closely miss Jessica.
Jessica gestures wildly.
Jessica drinks a potion.
Jessica is healed!
Jessica points at you and mumbles some strange words.
Pain shoots through your body!
* * * LOW HITPOINT WARNING * * *
๐Ÿ˜ฑ HP[-5] MP[-1]
You take 5 damage, and now have 5/24 hp.
MASSIVE DAMAGE!! (PAUSE)
You lost 1 mp, and now have 1/6 mp.
Okay, then.
Okay, then.
You aren't carrying any items that you can evoke.
Okay, then.
You closely miss Jessica.
Jessica gestures wildly while chanting.
Jessica blinks!
Jessica is attracted toward you.
You hit Jessica. Jessica hits you with a +0 dagger.
* * * LOW HITPOINT WARNING * * *
Jessica hits you with a +0 dagger.
You die...

Skill      XL: |  1  2  3 |
---------------+----------+-----
Necromancy     | 5 |  5.2
Axes           | 1 2 |  2.0
Dodging        | |  1.7
Stealth        | |  1.7
Spellcasting   | |  2.0

Action                   || total
-------------------------++-------
Melee: Hand axe          ||    15
       Unarmed           ||     5
       War axe           ||    59
       Punch             ||     1
 Cast: Pain              ||     7
  Use: Potion            ||     5
       Scroll            ||     1
 Stab: Sleeping          ||     1
Armor: Robe              ||    15
Dodge: Dodged            ||    53

Levels and vault maps discovered:
D:1:      wander_arrival_peaceful_grave, layout_basic, serial_shops, shop,
          dreamdust_ecumenical_altar_statues
D:2:      layout_loops_ring, minmay_cut_off, uniq_natasha, uniq_jessica

Notes
Turn   | Place    | Note
-------+----------+-------------------------------------------
     0 | D:1      | spaghetti the Demonspawn Necromancer began the quest for
                  | the Orb.
     0 | D:1      | Reached XP level 1. HP: 13/13 MP: 3/3
     0 | D:1      | magus.rc [v1.9.6]
   320 | D:1      | Found Obawnuf's Antique Weapon Boutique.
   343 | D:1      | HP: 2/13 [quokka (5)]
   490 | D:1      | Gained mutation: You sometimes gain a little power by
                  | taking damage. [demonic ancestry]
   490 | D:1      | Reached XP level 2. HP: 18/19 MP: 5/5
   504 | D:1      | HP: 3/19 [jackal (3)]
   507 | D:1      | Reached skill level 5 in Necromancy
   863 | D:1      | Found a faded altar of an unknown god.
   873 | D:1      | Reached skill level 1 in Axes
   885 | D:1      | You pick up a book of Displacement and begin reading...
   885 | D:1      | You add the spells Lesser Beckoning, Gell's Gravitas and
                  | Teleport Other to your library.
   893 | D:1      | Prayed at the altar of an unknown god.
   893 | D:1      | Became a worshipper of Qazlal Stormbringer
   893 | D:1      | Reached * piety under Qazlal
   899 | D:1      | Reached XP level 3. HP: 15/24 MP: 6/6
  1206 | D:2      | Reached skill level 2 in Axes
  1377 | D:2      | Noticed Jessica
  1388 | D:2      | HP: 5/24 [Jessica/nerve-wracking pain (5)]
  1390 | D:2      | HP: 2/24 [Jessica/+0 dagger (3)]
  1390 | D:2      | Slain by Jessica

Vanquished Creatures
  2 adders (D:2)
  A dart slug (D:1)
  An endoplasm (D:1)
  2 giant cockroaches (D:1)
  2 goblins
  A hobgoblin (D:1)
  7 jackals (D:1)
  A kobold (D:1)
  5 quokkas
  2 ball pythons
  2 bats
  A frilled lizard (D:1)
  2 rats (D:1)
29 creatures vanquished.

Table legend:
 A = Non-vault XP
 B = Vault XP
 C = Vault XP percentage of total XP
 D = Non-vault monster count
 E = Vault monster count
 F = Vault count percentage of total count
                 A         B        C        D         E       F
            +---------+---------+-------+---------+---------+-------
      Total |      77 |       0 |   0.0 |      29 |       0 |   0.0
            +---------+---------+-------+---------+---------+-------
        D:1 |      43 |       0 |   0.0 |      23 |       0 |   0.0
        D:2 |      34 |       0 |   0.0 |       6 |       0 |   0.0
            +---------+---------+-------+---------+---------+-------

Illustrated notes

Table legend:
 A = Kills in this place as a percentage of kills in entire the game.
 B = Kills by you in this place as a percentage of kills by you in the entire game.
 C = Kills by friends in this place as a percentage of kills by friends in the entire game.
 D = Other kills in this place as a percentage of other kills in the entire game.
 E = Experience gained in this place as a percentage of experience gained in the entire game.
 F = Experience gained in this place divided by the number of levels of this place that you have seen.
                   A       B       C       D       E      F
               +-------+-------+-------+-------+-------+----------------------
         Total | 100.0 | 100.0 |   N/A |   N/A | 100.0 |  38.5
       Dungeon | 100.0 | 100.0 |   N/A |   N/A | 100.0 |  38.5
               +-------+-------+-------+-------+-------+----------------------

Table legend: (Time is in decaauts)
 A = Elapsed time spent in this place.
 B = Non-inter-level travel time spent in this place.
 C = Inter-level travel time spent in this place.
 D = Time resting spent in this place.
 E = Time spent auto-exploring this place.
 F = Levels seen in this place.
 G = Mean time per level.
                   A        B        C        D        E       F      G
               +--------+--------+--------+--------+--------+-----+--------+
         Total |   1418 |   1377 |     41 |    307 |    816 |   2 |  709.0 |
       Dungeon |   1418 |   1377 |     41 |    307 |    816 |   2 |  709.0 |
               +--------+--------+--------+--------+--------+-----+--------+

Top non-repeatable levels by time:
     D:1: 1168 daAuts
     D:2: 250 daAuts
